 Dungeon Sprint DCSS version 0.30.0-29-ga12c61a403 (webtiles) character file.

Game seed: 15924490493226040002

5700000 Revguard the Intangible (level 19, 0/132 HPs)
             Began as a Spriggan Gladiator on June 7, 2023.
             Was an Elder of Makhleb.
             Slain by a meat berserker
             ... wielding a +9 battleaxe
              (68 damage)
             ... in the Dungeon (Sprint VIII: "Arena of Blood").
             The game lasted 00:02:57 (57 turns).

Revguard the Intangible (Spriggan Gladiator)          Turns: 57, Time: 00:02:58

Health: 0/132      AC:  4    Str: 10    XL:     19   Next: 37%
Magic:  11/37      EV: 46    Int: 11    God:    Makhleb [****..]
Gold:   0          SH:  0    Dex: 23    Spells: 31/31 levels left

rFire   . . .        l - +∞ Axe of Woe
rCold   . . .        (shield currently unavailable)
rNeg    . . .        b - +0 robe
rPois   .            c - +0 hat
rElec   .            (no cloak)
rCorr   .            (gloves unavailable)
SInv    +            (boots unavailable)
Will    +++..        (no amulet)
Stlth   +++++        (no ring)
HPRegen 0.42/turn    (no ring)
MPRegen 0.25/turn

%: no teleportation
@: very quick
A: very small, no large weapons, unfitting armour, see invisible, speed 3
a: Renounce Religion, Minor Destruction, Lesser Servant of Makhleb, Major
Destruction


You were in the Dungeon.
You worshipped Makhleb.
Makhleb was greatly pleased with you.
You visited 1 branch

Inventory:

Hand Weapons
 a - a +0 war axe
 l - the +∞ Axe of Woe (weapon)
   (You found it in the Dungeon)
Missiles
 d - 3 throwing nets (quivered)
 e - 2 boomerangs
Armour
 b - a +0 robe (worn)
 c - a +0 hat (worn)
Scrolls
 k - a scroll of blinking
Potions
 f - a potion of curing
 g - a potion of heal wounds
 h - a potion of haste
 i - 2 potions of magic
 j - a potion of berserk rage


   Skills:
 O Level 27 Fighting
 + Level 6.0(7.2) Short Blades
 + Level 4.5(5.4) Long Blades
 O Level 27 Axes
 + Level 4.2(17.3) Maces & Flails
 + Level 4.2(17.3) Polearms
 + Level 4.1(5.7) Staves
 + Level 5.4 Ranged Weapons
 + Level 5.3 Throwing
 O Level 27 Armour
 O Level 27 Dodging
 + Level 8.8 Stealth
 + Level 4.2 Shields
 + Level 4.5 Unarmed Combat
 + Level 6.7 Spellcasting
 + Level 4.1 Conjurations
 + Level 6.7 Hexes
 + Level 3.7 Summonings
 + Level 4.1 Necromancy
 + Level 6.5 Translocations
 + Level 6.0 Transmutations
 + Level 3.9 Fire Magic
 + Level 3.8 Ice Magic
 + Level 4.0 Air Magic
 + Level 4.0 Earth Magic
 + Level 4.5 Poison Magic
 O Level 27 Invocations
 + Level 6.0 Evocations


You had 31 spell levels left.
You didn't know any spells.
Your spell library was empty.

Dungeon Overview and Level Annotations

Branches:
Dungeon (1/1)

Altars:
Makhleb


Innate Abilities, Weirdness & Mutations

You are very small and have problems with some larger weapons.
You are too small for most types of armour.
You have supernaturally acute eyesight. (SInv)
You cover ground extremely quickly. (Speed+++)


Message History

You hear a shout!
The tyrant shouts!
The meat berserker shouts!
You slash the accursed!
You fatally mangle the accursed.
You destroy the accursed!
Makhleb accepts your kill.
You can now hurl Makhleb's greater destruction.
You feel extremely nervous for a moment...
Your body is wracked with pain!
You hear a shout! x2
A meat berserker comes into view. It is wielding a +9 battleaxe.
You hear a shout! x2
Your base Short Blades skill gained 3 levels and is now at level 6!
Your base Long Blades skill gained 2 levels and is now at level 4!
Your base Maces & Flails skill gained 2 levels and is now at level 4!
Your base Polearms skill gained 2 levels and is now at level 4!
Your base Staves skill gained 2 levels and is now at level 4!
Your Ranged Weapons skill gained 3 levels and is now at level 5!
Your Throwing skill gained 3 levels and is now at level 5!
Your Stealth skill gained 4 levels and is now at level 8!
Your Shields skill gained 2 levels and is now at level 4!
Your Unarmed Combat skill gained 2 levels and is now at level 4!
Your Spellcasting skill gained 3 levels and is now at level 6!
Your Conjurations skill gained 2 levels and is now at level 4!
Your Hexes skill gained 3 levels and is now at level 6!
Your Summonings skill gained 3 levels and is now at level 3!
Your Necromancy skill gained 4 levels and is now at level 4!
Your Translocations skill gained 6 levels and is now at level 6!
Your Transmutations skill gained 6 levels and is now at level 6!
Your Fire Magic skill gained 3 levels and is now at level 3!
Your Ice Magic skill gained 3 levels and is now at level 3!
Your Air Magic skill gained 4 levels and is now at level 4!
Your Earth Magic skill gained 4 levels and is now at level 4!
Your Poison Magic skill gained 4 levels and is now at level 4!
Your Evocations skill gained 6 levels and is now at level 6!
You have reached level 19!
A meat berserker comes into view. It is wielding a +9 battleaxe.
The meat berserker shouts!
The meat berserker hits you with a +9 battleaxe!!!
Ouch! That really hurt!
You die...

.......o.o.
......oL.O.
.........
#oVo....# .. #....
..# ...###.V.
..###..
........###...L...
#...V...)OO)......
......#.@)).#.....
..... #_.<)_# .O.
O... #.....# .
#.o....O._...O...
o.......###......
. o###... ..###.
#... ..# #.. ..#
.. ..


You could see a tyrant, 3 destroyers, 4 meat berserkers and a bag of meat.

Vanquished Creatures
  A royal mummy (D)
  Harold (D)
  A vampire knight (D)
  6 ogres (D)
  A two-headed ogre (D)
  16 orcs (D)
  2 skeletal warriors (D)
28 creatures vanquished.

Notes
Turn   | Place    | Note
-------+----------+-------------------------------------------
     0 | D        | Found the +∞ Axe of Woe
     0 | D        | Revguard the Spriggan Gladiator began the quest for the
                  | Orb.
     0 | D        | Reached XP level 1. HP: 10/10 MP: 2/2
     1 | D        | Noticed a bag of meat
     2 | D        | Noticed a bag of meat
     4 | D        | Noticed a meat berserker
     5 | D        | Noticed a bag of meat
     5 | D        | Noticed a bag of meat
     6 | D        | Noticed a bag of meat
     7 | D        | Killed a meat berserker
     8 | D        | Reached skill level 10 in Armour
     8 | D        | Reached XP level 2. HP: 26/26 MP: 2/10
     8 | D        | Reached XP level 3. HP: 30/30 MP: 2/12
     8 | D        | Reached XP level 4. HP: 35/35 MP: 2/13
     8 | D        | Reached XP level 5. HP: 39/39 MP: 2/15
     8 | D        | Reached XP level 6. HP: 44/44 MP: 2/16
     8 | D        | Reached XP level 7. HP: 48/48 MP: 2/18
     8 | D        | Reached XP level 8. HP: 53/53 MP: 2/19
     8 | D        | Reached XP level 9. HP: 57/57 MP: 2/20
     8 | D        | Reached XP level 10. HP: 62/62 MP: 2/21
     8 | D        | Reached XP level 11. HP: 66/66 MP: 2/22
     8 | D        | Killed a bag of meat
     8 | D        | Noticed a bag of meat
     9 | D        | Reached XP level 12. HP: 72/72 MP: 2/24
    10 | D        | Killed a bag of meat
    11 | D        | Reached skill level 15 in Invocations
    11 | D        | Reached XP level 13. HP: 77/77 MP: 2/25
    11 | D        | Killed a bag of meat
    12 | D        | Killed a bag of meat
    13 | D        | Reached skill level 15 in Axes
    14 | D        | Killed a bag of meat
    15 | D        | Reached skill level 15 in Fighting
    15 | D        | Reached XP level 14. HP: 86/86 MP: 3/28
    15 | D        | Noticed a bag of meat
    15 | D        | Killed a bag of meat
    15 | D        | Noticed a bag of meat
    17 | D        | Killed a bag of meat
    18 | D        | Reached skill level 15 in Armour
    18 | D        | Killed a bag of meat
    18 | D        | Noticed a meat berserker
    18 | D        | Noticed a bag of meat
    21 | D        | Noticed a bag of meat
    23 | D        | Killed a meat berserker
    24 | D        | Reached XP level 15. HP: 94/94 MP: 4/30
    25 | D        | Noticed a meat berserker
    26 | D        | Noticed a destroyer
    28 | D        | Reached skill level 27 in Dodging
    28 | D        | Killed a destroyer
    28 | D        | Noticed a large bag of meat
    29 | D        | Reached XP level 16. HP: 103/103 MP: 5/32
    31 | D        | Killed a meat berserker
    31 | D        | Noticed a meat berserker
    32 | D        | Noticed a sculptor of flesh
    32 | D        | Killed a large bag of meat
    34 | D        | Reached XP level 17. HP: 86/112 MP: 6/34
    34 | D        | Noticed a sculptor of flesh
    34 | D        | Became a worshipper of Makhleb the Destroyer
    35 | D        | Killed a sculptor of flesh
    35 | D        | Killed a meat berserker
    35 | D        | Reached * piety under Makhleb
    35 | D        | Killed a sculptor of flesh
    36 | D        | Reached skill level 27 in Invocations
    36 | D        | Noticed The Servant
    40 | D        | Reached ** piety under Makhleb
    43 | D        | Noticed a meat berserker
    44 | D        | Killed The Servant
    45 | D        | Reached XP level 18. HP: 125/125 MP: 8/36
    46 | D        | Noticed a meat berserker
    48 | D        | Noticed an accursed
    49 | D        | Killed a meat berserker
    51 | D        | Killed a meat berserker
    51 | D        | Reached *** piety under Makhleb
    51 | D        | Noticed a meat berserker
    52 | D        | Reached skill level 27 in Fighting
    52 | D        | Reached skill level 27 in Axes
    53 | D        | Noticed a meat berserker
    53 | D        | Noticed a meat berserker
    54 | D        | Reached skill level 27 in Armour
    54 | D        | Noticed a destroyer
    55 | D        | Noticed a meat berserker
    55 | D        | Noticed a destroyer
    55 | D        | Noticed a destroyer
    55 | D        | Noticed a meat berserker
    55 | D        | Noticed a tyrant
    55 | D        | Noticed a tyrant
    56 | D        | Killed an accursed
    56 | D        | Reached **** piety under Makhleb
    56 | D        | Noticed a meat berserker
    57 | D        | Reached skill level 5 in Ranged Weapons
    57 | D        | Reached skill level 5 in Throwing
    57 | D        | Reached XP level 19. HP: 68/132 MP: 11/37
    57 | D        | Noticed a meat berserker
    57 | D        | Slain by a meat berserker

Illustrated notes

Levels and vault maps discovered:
D:        meatsprint

Skill      XL: |  1  2  3  4  5  6  7  8  9 10 11 12 13 14 15 16 17 18 |
---------------+-------------------------------------------------------+-----
Fighting       | 11 12 13 15 17 19 22 25 27 | 27.0
Axes           | 11 12 13 15 17 19 22 25 27 | 27.0
Armour         | 10 11 12 14 16 18 20 23 27 | 27.0
Dodging        | 17 19 20 22 26 27 | 27.0
Invocations    | 13 14 15 18 20 22 25 27 | 27.0
Short Blades   | 6 |  6.0
Long Blades    | 4 |  4.5
Maces & Flails | 4 |  4.2
Polearms       | 4 |  4.2
Staves         | 4 |  4.1
Ranged Weapons | 5 |  5.4
Stealth        | 8 |  8.8
Shields        | 4 |  4.2
Unarmed Combat | 4 |  4.5
Spellcasting   | 6 |  6.7
Conjurations   | 4 |  4.1
Hexes          | 6 |  6.7
Throwing       | 5 |  5.3
Summonings     | 3 |  3.7
Necromancy     | 4 |  4.1
Translocations | 6 |  6.5
Transmutations | 6 |  6.0
Fire Magic     | 3 |  3.9
Ice Magic      | 3 |  3.8
Air Magic      | 4 |  4.0
Earth Magic    | 4 |  4.0
Poison Magic   | 4 |  4.5
Evocations     | 6 |  6.0

Action                     |  1- 3 |  4- 6 |  7- 9 | 10-12 | 13-15 | 16-18 | 19-21 || total
---------------------------+-------+-------+-------+-------+-------+-------+-------++-------
  Melee: Broad axe         |     1 |       |       |     2 |    10 |    12 |       ||    25
  Dodge: Dodged            |       |       |       |       |       |     1 |       ||     1
